 Dungeon Crawl Stone Soup version 0.27-a0-1217-g8a41f320e8 (webtiles) character file.

Game seed: 1968966126625618092

2871 hilljack the Blocker (level 9, -21/78 HPs)
             Began as a Minotaur Fighter on June 6, 2021.
             Was a Priest of Yredelemnul.
             Killed by the air
             ... invoked by Gastronok
              (24 damage)
             ... on level 8 of the Dungeon.
             The game lasted 00:11:40 (7316 turns).

hilljack the Blocker (Minotaur Fighter)             Turns: 7316, Time: 00:11:41

Health: -21/78     AC: 11    Str: 22    XL:     9   Next: 47%
Magic:  11/11      EV: 14    Int:  5    God:    Yredelemnul [***...]
Gold:   243        SH: 11    Dex: 12    Spells: 8/8 levels left

rFire    + . .     SeeInvis .   a - +3 trident
rCold    . . .     Faith    .   c - +0 kite shield
rNeg     . . .     Spirit   .   b - +0 scale mail
rPois    .         Reflect  .   (helmet restricted)
rElec    .         Harm     .   (no cloak)
rCorr    .         Rampage  .   j - +2 pair of gloves
Will     .....     Clarity  +   (no boots)
Stlth    ..........             (no amulet)
HPRegen  0.23/turn              g - +4 ring of evasion
MPRegen  0.12/turn              (no ring)

@: mighty
A: horns 2, retaliatory headbutt, clarity, fire resistance 1
a: Renounce Religion, Recall Undead Slaves, Injury Mirror, Animate Dead


You were on level 8 of the Dungeon.
You worshipped Yredelemnul.
Yredelemnul was most pleased with you.
You visited 2 branches of the dungeon, and saw 9 of its levels.

You collected 243 gold pieces.

Inventory:

Hand Weapons
 a - a +3 trident (weapon)
 k - a +1 whip of venom
 t - a +0 trident
Missiles
 e - 77 stones
 f - 32 bolts
 i - 8 javelins (quivered)
 p - 37 sling bullets
Armour
 b - a +0 scale mail (worn)
 c - a +0 kite shield (worn)
 j - a +2 pair of gloves (worn)
 n - a +0 robe of cold resistance
Jewellery
 g - a +4 ring of evasion (left hand)
Wands
 h - a wand of iceblast (7)
 o - a wand of flame (21)
Scrolls
 m - 2 scrolls of identify
 s - a scroll of amnesia
Potions
 l - a potion of flight
 r - 2 potions of curing


   Skills:
 + Level 6.7 Fighting
 * Level 8.5 Polearms
 + Level 6.6 Armour
 + Level 4.2 Dodging
 * Level 8.9 Shields
 + Level 4.2 Invocations


You had 8 spell levels left.
You didn't know any spells.
Your spell library contained the following spells:

 Spells                   Type           Power      Damage    Failure   Level
 Beastly Appendage        Tmut           0%         N/A       95%         1
 Wereblood                Tmut           0%         N/A       99%         2
 Spider Form              Tmut/Pois      0%         N/A       100%        3
 Ice Form                 Ice/Tmut       0%         N/A       100%        4
 Hydra Form               Tmut           0%         N/A       100%        5


Dungeon Overview and Level Annotations

Branches:
Dungeon (8/15)             Temple (1/1) D:6
   Lair: D:8-11

Altars:
Ashenzari
Cheibriados
Dithmenos
Elyvilon
Fedhas
Kikubaaqudgha
Makhleb
Nemelex Xobeh
Okawaru
Sif Muna
Trog
Uskayaw
Vehumet
Wu Jian
Yredelemnul
Zin

Shops:
D:3 [

Annotations:
D:8 Gastronok


Innate Abilities, Weirdness & Mutations

You have a pair of horns on your head.
You reflexively headbutt those who attack you in melee.
You possess an exceptional clarity of mind.
Your flesh is heat resistant. (rF+)


Message History

* * * LOW HITPOINT WARNING * * *
You are too injured to fight recklessly!
You are too injured to fight recklessly!
You are too injured to fight recklessly!
You are too injured to fight recklessly!
You are too injured to fight recklessly!
You are too injured to fight recklessly!
You are too injured to fight recklessly!
You are too injured to fight recklessly!
You feel much better. The quokka closely misses you.
You block the quokka's attack.
You feel very mighty all of a sudden. You block the quokka's attack.
Gastronok bites you but does no damage.
You feel much better. You block the quokka's attack.
You puncture Gastronok!
Gastronok is moderately wounded.
The quokka bites you but does no damage.
Gastronok bites you.
You puncture Gastronok!
Gastronok is heavily wounded.
You block the quokka's attack.
You hit Gastronok.
Gastronok is heavily wounded.
You block the quokka's attack.
The quokka bites you but does no damage.
Gastronok bites you!
You puncture Gastronok!
Gastronok is heavily wounded.
The quokka barely misses you.
You puncture Gastronok! You headbutt Gastronok.
Gastronok is heavily wounded.
You block the quokka's attack. Gastronok bites you!!
* * * LOW HITPOINT WARNING * * *
You puncture Gastronok!
Gastronok is severely wounded.
You block the quokka's attack.
Gastronok waves his eye-stalks in wide circles.
The air twists around and strikes you!!
You die...
Your body rises from the dead as a mindless zombie.

.........######## .##.
+###............. ...
..#<.##.........###.###
..#.....###+###.......#
..#.##..# #.# #.......#
.##.##..###.###.......#
..#.##..###_..'.......#
..#.##..###.###...w...#
..#.##..# #.# #.@r....#
.)#.....###'###.......#
).####.........(#####.#
......########### #
......# ......# ......#
......# .......#


You could see Gastronok (swift) and a quokka (summoned).

Vanquished Creatures
  6 yaks (D:6)
  A wraith (D:8)
  Eustachio (Temple)
  A black bear (D:4)
  2 ice beasts
  2 ogres
  3 scorpions
  A gnoll sergeant (D:7)
  A water moccasin zombie (D:5)
  Dowan (D:7)
  A water moccasin skeleton (D:5)
  3 wights (D:8)
  A howler monkey (D:6)
  A centaur zombie (D:7)
  An orc priest (D:6)
  3 hounds (D:6)
  A centaur skeleton (D:7)
  A gnoll shaman (D:5)
  3 jellies
  Natasha (thrice) (D:2)
  2 orc wizards
  3 killer bee zombies
  A hound skeleton (D:4)
  5 gnolls
  3 adders
  2 shadow imps
  An ufetubus (D:6)
  A worm (D:6)
  A dart slug (D:1)
  6 orcs
  9 ball pythons
  5 bats
  An endoplasm (D:1)
  A giant cockroach (D:2)
  5 goblins
  12 hobgoblins
  7 jackals
  8 kobolds
  3 quokkas
  3 frilled lizards
  8 rats
124 creatures vanquished.

Vanquished Creatures (collateral kills)
  Duvessa (D:7)
1 creature vanquished.

Vanquished Creatures (others)
  4 gnoll zombies (D:7)
4 creatures vanquished.

Grand Total: 129 creatures vanquished

Notes
Turn   | Place    | Note
-------+----------+-------------------------------------------
     0 | D:1      | hilljack the Minotaur Fighter began the quest for the Orb.
     0 | D:1      | Reached XP level 1. HP: 19/19 MP: 0/0
   112 | D:1      | Reached XP level 2. HP: 27/27 MP: 1/1
   553 | D:1      | Found a faded altar of an unknown god.
   583 | D:1      | Became a worshipper of Yredelemnul the Dark
   583 | D:1      | Reached * piety under Yredelemnul
   792 | D:2      | Reached XP level 3. HP: 32/33 MP: 2/2
  1013 | D:2      | Noticed Natasha
  1017 | D:2      | Killed Natasha
  1018 | D:2      | Reached XP level 4. HP: 23/40 MP: 3/3
  1174 | D:2      | Noticed Natasha
  1190 | D:2      | Killed Natasha
  1641 | D:2      | Noticed a scorpion
  1653 | D:2      | Killed a scorpion
  1654 | D:2      | Reached skill level 1 in Invocations
  1654 | D:2      | Reached XP level 5. HP: 20/46 MP: 4/4
  1868 | D:2      | Noticed Natasha
  1874 | D:2      | Killed Natasha
  1875 | D:2      | Reached skill level 5 in Shields
  2136 | D:3      | Found a basalt altar of Yredelemnul.
  2160 | D:3      | Reached ** piety under Yredelemnul
  2198 | D:3      | Found a shimmering blue altar of Sif Muna.
  2606 | D:3      | Found Xoich's Antique Armour Shop.
  3162 | D:4      | Noticed an ogre
  3171 | D:4      | Killed an ogre
  3172 | D:4      | Reached XP level 6. HP: 10/53 MP: 6/6
  3564 | D:4      | Noticed an ice beast
  3583 | D:4      | Killed an ice beast
  3584 | D:4      | Reached skill level 5 in Polearms
  3584 | D:4      | Reached skill level 1 in Dodging
  3958 | D:4      | Gained mutation: Your flesh is heat resistant. (rF+)
                  | [potion of mutation]
  3958 | D:4      | Gained mutation: You possess an exceptional clarity of
                  | mind. [potion of mutation]
  3970 | D:4      | Reached XP level 7. HP: 50/60 MP: 7/7
  4414 | D:5      | Entered Level 5 of the Dungeon
  4574 | D:5      | Reached skill level 5 in Fighting
  4757 | D:5      | Found a burning altar of Makhleb.
  4757 | D:5      | Found a glowing silver altar of Zin.
  4760 | D:5      | Noticed an angel
  4760 | D:5      | Noticed an Executioner
  4791 | D:5      | Reached skill level 5 in Armour
  4861 | D:5      | Found a bloodstained altar of Trog.
  4954 | D:5      | Reached *** piety under Yredelemnul
  5274 | D:6      | Noticed a yak
  5274 | D:6      | Noticed a yak
  5274 | D:6      | Noticed a yak
  5274 | D:6      | Noticed a yak
  5274 | D:6      | Noticed a yak
  5274 | D:6      | Noticed a yak
  5355 | D:6      | Found a glowing drain.
  5612 | D:6      | Reached XP level 8. HP: 41/69 MP: 9/9
  5877 | D:6      | Found a staircase to the Ecumenical Temple.
  5880 | D:6      | Noticed Eustachio
  5889 | Temple   | Entered the Ecumenical Temple
  6048 | Temple   | Killed Eustachio
  6262 | D:6      | Reached XP level 9. HP: 63/75 MP: 10/10
  6810 | D:7      | Noticed Duvessa
  6810 | D:7      | Noticed Dowan
  6817 | D:7      | Killed Duvessa
  6822 | D:7      | Killed Dowan
  7282 | D:8      | Found a hide-covered altar of Uskayaw.
  7290 | D:8      | Noticed Gastronok
  7314 | D:8      | HP: 3/78 [Gastronok (31)]
  7316 | D:8      | Killed from afar by Gastronok

Illustrated notes

Levels and vault maps discovered:
D:1:      wander_arrival_desolate, layout_loops_ring,
          hellmonk_ecumenical_altar_zigzags
D:2:      minmay_evil_eye, layout_loops_cross, uniq_natasha
D:3:      layout_rooms, lemuel_crystal_altar, amcnicky_altar_gilded,
          serial_shops, nicolae_shop_statue_plus, serial_corexii_hall,
          chequers_hall_statues_y, chequers_hall_statues_y,
          chequers_hall_statues_y, chequers_hall_statues_wall_a
D:4:      layout_loops_ring, minmay_hedge_maze, kennysheep_decorative_pillar
D:5:      layout_gridville, grunt_temple_overflow_order_and_chaos_2,
          nicolae_qazlal_eye_of_the_storm, kennysheep_mini
D:6:      layout_basic, minmay_temple_entry_crystal_x,
          cheibrodos_sewer_entry_bend, uniq_eustachio
D:7:      layout_basic, uniq_duvessa
D:8:      layout_basic, lemuel_doored_altar, minmay_misc_feat_plants,
          minivault_10, uniq_gastronok
Temple:   eino_temple_lava

Skill      XL: |  1  2  3  4  5  6  7  8  9 |
---------------+----------------------------+-----
Shields        | 4 5 6 8 |  8.9
Polearms       | 3 4 5 6 7 8 |  8.5
Fighting       | 4 5 6 |  6.7
Armour         | 4 5 6 |  6.6
Invocations    | 1 2 3 4 |  4.2
Dodging        | 1 2 3 4 |  4.2

Action                   |  1- 3 |  4- 6 |  7- 9 || total
-------------------------+-------+-------+-------++-------
Melee: Trident           |    71 |   136 |   246 ||   453
       Headbutt          |     9 |    13 |    54 ||    76
Invok: Injury Mirror     |       |       |     1 ||     1
       Animate Dead      |       |       |     4 ||     4
  Use: Scroll            |     3 |     1 |     4 ||     8
       Potion            |       |     8 |     5 ||    13
Armor: Scale mail        |    28 |    29 |    47 ||   104
       Skin              |       |     6 |     5 ||    11
Dodge: Dodged            |    17 |    35 |   109 ||   161
Block: Kite shield       |    33 |    45 |   152 ||   230

Table legend: (Time is in decaauts)
 A = Elapsed time spent in this place.
 B = Non-inter-level travel time spent in this place.
 C = Inter-level travel time spent in this place.
 D = Time resting spent in this place.
 E = Time spent auto-exploring this place.
 F = Levels seen in this place.
 G = Mean time per level.
                   A        B        C        D        E       F      G
               +--------+--------+--------+--------+--------+-----+--------+
         Total |   7413 |   7093 |    320 |   1751 |   4275 |   9 |  823.7 |
       Dungeon |   7205 |   6893 |    312 |   1689 |   4164 |   8 |  900.6 |
        Temple |    208 |    200 |      8 |     62 |    111 |   1 |  208.0 |
               +--------+--------+--------+--------+--------+-----+--------+

Top non-repeatable levels by time:
     D:6: 1380 daAuts
     D:2: 1372 daAuts
     D:4: 1369 daAuts
     D:3: 932 daAuts
     D:1: 796 daAuts
     D:5: 602 daAuts
     D:7: 460 daAuts
     D:8: 292 daAuts
  Temple: 208 daAuts
